 Dungeon Crawl Stone Soup version 0.31.0-11-ge490571c62 (webtiles) character file.

Game seed: 3367019675926486797

864 hikkokomori the Magician (level 7, -6/41 HPs)
             Began as a Deep Elf Hedge Wizard on Feb 3, 2024.
             Was an Initiate of Gozag.
             Mangled by a steam dragon (9 damage)
             ... on level 6 of the Dungeon.
             The game lasted 00:09:04 (5706 turns).

hikkokomori the Magician (Deep Elf Hedge Wizard)    Turns: 5706, Time: 00:09:05

Health: -6/41      AC:  4    Str:  7    XL:     7   Next: 72%
Magic:  15/19      EV: 13    Int: 21    God:    Gozag
Gold:   331        SH:  0    Dex: 20    Spells: 12/20 levels left

rFire   . . .        s - +2 dagger (venom)
rCold   . . .        (no shield)
rNeg    . . .        b - +0 robe
rPois   +            q - +0 helmet
rElec   .            (no cloak)
rCorr   .            e - +0 pair of gloves
SInv    .            (no boots)
Will    .....        (no amulet)
Stlth   +++          v - +6 ring of dexterity
HPRegen 0.26/turn    l - ring of poison resistance
MPRegen 0.16/turn

%: no passive effects
@: no status effects
A: no striking features
a: Renounce Religion, Potion Petition, Call Merchant, Bribe Branch


You were on level 6 of the Dungeon.
You worshipped Gozag.
Gozag was aware of your devotion.
You visited 2 branches of the dungeon, and saw 7 of its levels.

You collected 389 gold pieces.
You paid 58 gold pieces to Gozag.

Inventory:

Hand Weapons
 a - a +0 dagger
 i - a +0 glaive
 s - a +2 dagger of venom (weapon)
Missiles
 n - 3 boomerangs
 r - 8 poisoned darts
Armour
 b - a +0 robe (worn)
 c - a +0 hat
 e - a +0 pair of gloves (worn)
 q - a +0 helmet (worn)
 B - a +0 pair of boots
Jewellery
 g - a ring of flight
 l - a ring of poison resistance (right hand)
 v - a +6 ring of dexterity (left hand)
 G - a ring of protection from fire
Scrolls
 h - 3 scrolls of teleportation {unknown}
 j - a scroll of amnesia {unknown}
 k - 2 scrolls of silence {unknown}
 o - 2 scrolls of immolation {unknown}
 p - 2 scrolls of poison {unknown}
 x - a scroll of noise {unknown}
 y - 2 scrolls of revelation {unknown}
 z - a scroll of brand weapon {unknown}
 C - a scroll of enchant weapon {unknown}
 D - 2 scrolls of identify {unknown}
Potions
 d - 2 potions of magic
 f - 3 potions of curing {unknown}
 m - a potion of resistance {unknown}
 t - a potion of heal wounds {unknown}
 u - 2 potions of attraction {unknown}
 w - a potion of mutation {unknown}
 A - a potion of enlightenment {unknown}
 E - a potion of might {unknown}
 F - a potion of degeneration {unknown}


   Skills:
 + Level 3.3 Fighting
 - Level 3.1 Dodging
 - Level 3.3 Stealth
 + Level 7.1 Spellcasting
 - Level 2.1 Conjurations
 - Level 1.1 Summonings
 - Level 1.1 Translocations
 + Level 3.6 Air Magic
 + Level 4.0 Alchemy


You had 12 spell levels left.
You knew the following spells:

 Your Spells              Type           Power      Damage    Failure   Level
a - Magic Dart            Conj           64%        1d6       3%          1
b - Mephitic Cloud        Conj/Alch/Air  21%        N/A       7%          3
c - Blink                 Tloc           24%        N/A       9%          2
d - Call Imp              Summ           24%        N/A       9%          2

Your spell library contained the following spells:

 Spells                   Type           Power      Damage    Failure   Level
 Mercury Vapours          Alch/Air       46%        N/A       2%          2
 Cigotuvi's Dreadful Rot  Necr/Alch/Air  36%        N/A       4%          2
 Freeze                   Ice            28%        1d5       9%          1
 Slow                     Hex            28%        N/A       9%          1
 Lesser Beckoning         Tloc           24%        N/A       9%          2
 Sublimation of Blood     Necr           7%         N/A       13%         2
 Gell's Gravitas          Tloc           12%        N/A       17%         3
 Hailstorm                Conj/Ice       11%        3d6       17%         3
 Teleport Other           Tloc           12%        N/A       17%         3
 Frozen Ramparts          Ice            14%        1d3       26%         3
 Inner Flame              Hex/Fire       7%         N/A       26%         3
 Petrify                  Alch/Erth      15%        N/A       36%         4
 Sticky Flame             Fire/Alch      15%        2d5       36%         4
 Alistair's Intoxication  Alch           16%        N/A       43%         5
 Flame Wave               Conj/Fire      11%        2d6       50%         4
 Irradiate                Conj/Alch      10%        3d15      56%         5
 Freezing Cloud           Conj/Ice/Air   7%         6-21      73%         5
 Borgnjor's Vile Clutch   Necr/Erth      3%         N/A       94%         5
 Eringya's Noxious Bog    Alch           12%        4d6       95%         6


Dungeon Overview and Level Annotations

Branches:
Dungeon (6/15)             Temple (1/1) D:4

Altars:
Ashenzari
Cheibriados
Dithmenos
Elyvilon
Fedhas
Gozag
Hepliaklqana
Kikubaaqudgha
Makhleb
Nemelex Xobeh
Okawaru
Qazlal
Ru
Trog
Wu Jian
Xom
Yredelemnul
Zin

Shops:
D:3 (


Message History

The ball of steam hits you!
You're standing in a cloud of steam!
You're standing in a cloud of steam!
You're standing in a cloud of steam!
Casting: Mephitic Cloud (dangerous; 7% risk of failure)
Confirm with . or Enter, or press ? or * to list all spells.
Aiming: Mephitic Cloud (dangerous; 7% risk of failure)
Press: ? - help, Shift-Dir - straight line, f - steam dragon
Aim: a steam dragon (catching its breath, chance to affect: 81%)
The ball explodes into a vile cloud!
The stinking cloud engulfs the steam dragon.
You are engulfed in a cloud of scalding steam.
The steam dragon is engulfed in noxious fumes.
The steam dragon appears confused.
Unknown command.
Unknown command.
Casting: Mephitic Cloud (dangerous; 7% risk of failure)
Confirm with . or Enter, or press ? or * to list all spells.
A tiny devil pulls itself out of the air.
The steam dragon is engulfed in noxious fumes.
You are engulfed in a cloud of scalding steam.
There is an open door here.
You hit the steam dragon.
The steam dragon is poisoned.
The steam dragon is lightly wounded.
You are engulfed in a cloud of scalding steam.
* * * LOW HITPOINT WARNING * * *
Your cerulean imp hits the steam dragon but does no damage.
The steam dragon is engulfed in noxious fumes.
The steam dragon appears confused.
The steam dragon barely misses you. The steam dragon closely misses you.
Okay, then.
Your cerulean imp is engulfed in a cloud of scalding steam.
Your cerulean imp barely misses the steam dragon.
The steam dragon is engulfed in noxious fumes.
The steam dragon appears confused.
You swap places.
Your cerulean imp completely misses the steam dragon.
The steam dragon bites you!
You die...
Your body crumbles into a pile of gold.

#..##
####............#
#...# #......#.....#
#.#.# ##.....#.....#
###'#+###
#.#####.....#
#...)...# ##+###
#.....# #.......##
.....# #######
#........## ###.....#
#.........###5D§....#
#.......#..##@#.§...#
.........##..>.#######
..........####.##
.........[##...#
...##+######.### .. #.
#


You could see a steam dragon (confused, very poisoned, ally target) and a
friendly cerulean imp (summoned).

Vanquished Creatures
  Sigmund (D:5)
  An orc warrior (D:6)
  A black bear (D:6)
  An ogre (D:6)
  A phantom (D:5)
  4 hounds
  A bombardier beetle (D:6)
  An orc priest (D:5)
  An iguana (D:4)
  A sleepcap (D:4)
  5 adders
  A dart slug (D:1)
  11 orcs
  2 ball pythons
  3 bats (D:3)
  6 endoplasms
  7 giant cockroaches
  7 goblins
  7 hobgoblins
  2 jackals (D:1)
  2 quokkas
  A frilled lizard (D:1)
  4 kobolds
  4 rats
75 creatures vanquished.

Notes
Turn   | Place    | Note
-------+----------+-------------------------------------------
     0 | D:1      | hikkokomori the Deep Elf Hedge Wizard began the quest for
                  | the Orb.
     0 | D:1      | Reached XP level 1. HP: 10/10 MP: 7/7
   202 | D:1      | Reached XP level 2. HP: 15/15 MP: 4/9
   875 | D:1      | Reached XP level 3. HP: 18/20 MP: 4/11
  1994 | D:3      | Found Nahuing's Antique Weapon Shop.
  2479 | D:3      | Reached skill level 1 in Fighting
  2781 | D:4      | Reached XP level 4. HP: 25/25 MP: 12/12
  2785 | D:4      | Learned a level 3 spell: Mephitic Cloud
  2790 | D:4      | Learned a level 2 spell: Blink
  2793 | D:4      | Learned a level 2 spell: Call Imp
  2828 | D:4      | Reached skill level 5 in Spellcasting
  2897 | D:4      | Reached skill level 1 in Air Magic
  2897 | D:4      | Reached skill level 1 in Alchemy
  3246 | D:4      | Found a staircase to the Ecumenical Temple.
  3252 | Temple   | Entered the Ecumenical Temple
  3289 | Temple   | Became a worshipper of Gozag Ym Sagoz the Greedy
  3360 | D:4      | Reached XP level 5. HP: 29/29 MP: 5/14
  3834 | D:5      | Entered Level 5 of the Dungeon
  3839 | D:5      | Noticed Sigmund
  3858 | D:5      | Killed Sigmund
  3859 | D:5      | Reached skill level 6 in Spellcasting
  3859 | D:5      | Reached XP level 6. HP: 34/35 MP: 9/17
  4526 | D:5      | Reached XP level 7. HP: 21/40 MP: 18/18
  5459 | D:6      | Reached skill level 7 in Spellcasting
  5575 | D:6      | Found a snail-covered altar of Cheibriados.
  5700 | D:6      | Noticed a steam dragon
  5704 | D:6      | HP: 2/41 [steam dragon] (12)]
  5706 | D:6      | Mangled by a steam dragon

Illustrated notes

Levels and vault maps discovered:
D:1:      scummos_arrival_hexagon, layout_loops_ring, serial_park_tiny_1,
          minivault_5, dk_noncrumbling_3
D:2:      minmay_razor_zed, layout_basic, hellmonk_ecumenical_altar_crossroads,
          uniq_jessica
D:3:      layout_basic, serial_shops, nicolae_shop_real_fake_doors,
          kennysheep_generic_room_12
D:4:      layout_loops_corners, temple_doors_cd
D:5:      layout_layer_cave, nicolae_titane, uniq_sigmund
D:6:      layout_basic, mainiacjoe_overflow_surrounded_room, serial_shops, shop
Temple:   nicolae_temple_bog_church

Skill      XL: |  1  2  3  4  5  6  7 |
---------------+----------------------+-----
Stealth        | 3 |  3.3
Dodging        | 3 |  3.1
Conjurations   | 2 |  2.1
Fighting       | 1 2 3 |  3.3
Spellcasting   | 5 6 7 |  7.1
Air Magic      | 1 2 3 |  3.6
Alchemy        | 1 2 3 4 |  4.0
Summonings     | |  1.1
Translocations | |  1.1

Action                     |  1- 3 |  4- 6 |  7- 9 || total
---------------------------+-------+-------+-------++-------
  Melee: Dagger            |    48 |    94 |     8 ||   150
         Punch             |       |     2 |       ||     2
  Throw: Dart              |       |     3 |       ||     3
         Boomerang         |       |     3 |       ||     3
   Cast: Magic Dart        |    95 |    29 |    24 ||   148
         Mephitic Cloud    |       |     4 |     6 ||    10
         Call Imp          |       |       |     2 ||     2
   Stab: Sleeping          |     1 |     1 |       ||     2
         Confused          |       |     3 |     1 ||     4
         Distracted        |       |     1 |       ||     1
 Armour: Robe              |    22 |    35 |     6 ||    63
  Dodge: Dodged            |    46 |    61 |     8 ||   115
